 Dungeon Sprint DCSS version 0.31-a0-437-g7cee417757 (console) character file.

Game seed: 14386888236401973670

2297 Lexodia the Unseen (level 9, -21/48 HPs)
             Began as a Felid Enchanter on Aug 2, 2023.
             Was an Elder of Wu Jian.
             Killed from afar by an oklob plant (25 damage)
             ... with a splash of acid
             ... in the Dungeon (Sprint I: "Red Sonja").
             The game lasted 00:08:23 (910 turns).

Lexodia the Unseen (Felid Enchanter)                 Turns: 910, Time: 00:08:24

Health: -21/48     AC: -6    Str:  5 (6)  XL:     9   Next: 17%
Magic:  12/12      EV: 25    Int: 12 (13) God:    Wu Jian [****..]
Gold:   535        SH:  4    Dex: 17      Spells: 7/18 levels left
                                        Lives:  0   Deaths: 2

rFire   x x          .
                       - Unarmed
rCold   x x .        (shield unavailable)
rNeg    . . .        (body armour unavailable)
rPois   .            (helmet unavailable)
rElec   .            (cloak unavailable)
rCorr   .            (gloves unavailable)
SInv    +            (boots unavailable)
Will    +....        (no amulet) Stlth
                     f - +6 ring of strength
HPRegen 0.28/turn    (no ring)
MPRegen 0.13/turn

%: no teleportation, random rage (9%)
@: berserking, corroded, unable to read, unable to drink, very quick
A: very small, claws 1, fangs 3, see invisible, speed 1, shaggy fur 2, stealthy
paws, no weapons or thrown items, no armour, multi-lived, large bone plates 1,
berserk 2, clumsy 2, deterioration 2, dopey 2, frail 3, low MP 3, screaming 2,
weak 2, no potion heal 1, cold vulnerability 2, heat vulnerability 2, subdued
magic 1, inability to drink after injury 2, inability to read after injury 2,
devolution 2
a: Renounce Religion, Wall Jump, Serpent's Lash


You were in the Dungeon.
You worshipped Wu Jian.
Wu Jian was greatly pleased with you.
You visited 1 branch You collected 1003 gold pieces.
You spent 468 gold pieces at shops.

Inventory:

Jewellery
 f - a +6 ring of strength (left paw)
Wands
 a - a wand of mindburst (11)
 h - a wand of quicksilver (13)
Scrolls
 g - a scroll of blinking
Potions
 b - 3 potions of curing
 c - a potion of heal wounds
 e - 2 potions of magic


   Skills:
 - Level 10.0 Fighting
 - Level 12.0 Dodging
 * Level 19.1 Stealth
 + Level 10.6 Unarmed Combat
 - Level 5.0 Spellcasting
 + Level 15.1 Hexes
 + Level 9.5 Ice Magic


You had 7 spell levels left.
You knew the following spells:

 Your Spells              Type           Power      Damage    Failure   Level
a - Ensorcelled Hibernat  Hex/Ice        50%        N/A       1%          2
b - Confusing Touch       Hex            30%        N/A       1%          3
c - Tukima's Dance        Hex            30%        N/A       1%          3
d - Dazzling Flash        Conj/Hex       32%        N/A       1%          3

Your spell library contained the following spells:

 Spells                   Type           Power      Damage    Failure   Level


Dungeon Overview and Level Annotations

Branches:
Dungeon (1/1)

Altars:
Cheibriados
Dithmenos
Elyvilon
Fedhas
Gozag
Hepliaklqana
Kikubaaqudgha
Makhleb
Nemelex Xobeh
Okawaru
Qazlal
Ru
Sif Muna
Trog
Uskayaw
Vehumet
Wu Jian
Xom
Yredelemnul
Zin
The Shining One
Jiyva
Lugonu

Shops:
D :?=[?([

Annotations:
D exclusion: oklob plant


Innate Abilities, Weirdness & Mutations

You have sharp claws.
You have razor-sharp teeth.
You have supernaturally acute eyesight. (SInv)
You cover ground quickly. (Speed+)
You are covered in thick fur. (AC +2)
Your paws help you pounce on unaware monsters.
You are incapable of wielding weapons or throwing items.
You cannot wear armour.
You gain extra lives every three experience levels.
You are partially covered in large bone plates. (SH +4)
You have an uncontrollable temper.
You are very clumsy. (Dex -4)
Your body often deteriorates upon taking damage.
You are very dopey. (Int -4)
You are extremely frail. (-30% HP)
Your magical capacity is extremely low. (-30% MP)
You frequently scream uncontrollably at your foes.
You are very weak. (Str -4)
Potions are less effective at restoring your health.
You are very vulnerable to cold. (rC--)
You are very vulnerable to heat. (rF--)
Your spells are a little easier to cast, but a little less powerful.
You sometimes lose the ability to drink potions when taking damage.
You sometimes lose the ability to read scrolls when taking damage.
You have terrible hidden genetic defects.


Message History

Marking area around an oklob plant as unsafe for travelling.
Huge Dmg: -50%(-16hp) hp: 50%(16hp)
A red film seems to cover your vision as you go berserk!
You feel yourself moving faster!
You feel mighty!
You lunge at the oklob plant.
You scratch the oklob plant.
The oklob plant is lightly damaged.
The oklob plant spits acid at you. The splash of acid hits you!!
You feel threatened and lose the ability to read scrolls!
You feel threatened and lose the ability to drink potions!
* * * LOW HITPOINT WARNING * * *
Your body deteriorates!
You feel dopey. The acid corrodes you!
There is an open door here.
Huge Dmg: -43%(-21hp) hp: 7%(3hp)
You claw the oklob plant!
You bite the oklob plant, but do no damage.
The oklob plant is moderately damaged.
You scratch the oklob plant but do no damage.
The oklob plant is moderately damaged.
The oklob plant spits acid at you. The splash of acid misses you.
You scratch the oklob plant but do no damage.
The oklob plant is moderately damaged.
You claw the oklob plant!
You bite the oklob plant, but do no damage.
The oklob plant is heavily damaged.
You claw the oklob plant!
The oklob plant is almost destroyed.
The oklob plant spits acid at you. The splash of acid misses you.
You claw the oklob plant!
You bite the oklob plant, but do no damage.
The oklob plant is almost destroyed.
You scratch the oklob plant.
The oklob plant is almost destroyed.
The oklob plant spits acid at you. The splash of acid hits you!!
Ouch! That really hurt!
You die...

###################
).#.)'..#☼§#ss☼...#
..'..#..'§☼☼ss#...##+#
#'#####'#§☼####...'..#
..#...#[####§§#####..+
###..##.#~~§..#..# ##
__##'#_.+§§÷§§§§§#
...'..._#~§~§§#§§#
__##_)#'##§#####@#
__###'#.#[(§.###P+
#####.####§###.###
...'...'.....')∩#
####.).##########
.####.### ..#.#'#.#
..#.....# ..#.).[.#


You could see an oklob plant.

Vanquished Creatures
  2 centaur warriors (D)
  Sonja (D)
  A deep troll (D)
  8 shining eyes (D)
  2 kobold demonologists (D)
  A hornet (D)
  A slime creature (D)
  Sigmund (D)
  A yak (D)
  5 floating eyes (D)
  An ogre (D)
  A jelly (D)
  Ijyb (D)
  A ballistomycete spore (D)
27 creatures vanquished.

Vanquished Creatures (others)
  A ballistomycete spore (D)
1 creature vanquished.

Grand Total: 28 creatures vanquished

Notes
Turn   | Place    | Note
-------+----------+-------------------------------------------
     0 | D        | Lexodia the Felid Enchanter began the quest for the Orb.
     0 | D        | Reached XP level 1. HP: 7/7 MP: 4/4
     2 | D        | Noticed Ijyb
     7 | D        | Noticed an ogre
    15 | D        | Huge Dmg: 4 dmg
    16 | D        | Killed Ijyb
    17 | D        | Reached skill level 1 in Fighting
    17 | D        | Reached skill level 5 in Stealth
    17 | D        | Reached skill level 5 in Hexes
    17 | D        | Reached skill level 1 in Ice Magic
    17 | D        | Reached XP level 2. HP: 13/13 MP: 4/6
    18 | D        | Killed an ogre
    19 | D        | Reached skill level 5 in Dodging
    19 | D        | Reached skill level 6 in Stealth
    19 | D        | Reached XP level 3. HP: 17/17 MP: 5/9
    19 | D        | Reached XP level 4. HP: 21/21 MP: 5/10
    21 | D        | Huge Dmg: 7 dmg
    49 | D        | Noticed Sigmund
    54 | D        | Learned a level 2 spell: Ensorcelled Hibernation
    58 | D        | Learned a level 3 spell: Confusing Touch
    62 | D        | Learned a level 3 spell: Tukima's Dance
    65 | D        | Killed Sigmund
    66 | D        | Reached skill level 7 in Stealth
    66 | D        | Reached XP level 5. HP: 25/25 MP: 10/12
    77 | D        | Found an ornate altar of the Wu Jian Council.
    77 | D        | Found a shimmering blue altar of Sif Muna.
    79 | D        | Found a radiant altar of Vehumet.
    82 | D        | Became a worshipper of the Wu Jian Council
    85 | D        | Huge Dmg: 8 dmg
    89 | D        | Gained mutation: You are covered in thick fur. (AC +2)
                  | [Felid growth]
    89 | D        | Reached XP level 6. HP: 21/29 MP: 4/14
   107 | D        | Found Deibrumn's Antique Armour Emporium.
   107 | D        | Found an ancient bone altar of Kikubaaqudgha.
   107 | D        | Found a hazy altar of Hepliaklqana.
   107 | D        | Found a hide-covered altar of Uskayaw.
   107 | D        | Found a basalt altar of Yredelemnul.
   107 | D        | Found an opulent altar of Gozag.
   107 | D        | Found a snail-covered altar of Cheibriados.
   107 | D        | Found a sacrificial altar of Ru.
   107 | D        | Found a shadowy altar of Dithmenos.
   107 | D        | Noticed a yak
   108 | D        | Found a stormy altar of Qazlal.
   108 | D        | Found a blossoming altar of Fedhas.
   108 | D        | Found a bloodstained altar of Trog.
   108 | D        | Found an iron altar of Okawaru.
   108 | D        | Found a glowing golden altar of the Shining One.
   108 | D        | Found a glowing silver altar of Zin.
   108 | D        | Found a white marble altar of Elyvilon.
   109 | D        | Killed a yak
   110 | D        | Reached skill level 5 in Fighting
   110 | D        | Reached skill level 8 in Stealth
   110 | D        | Reached skill level 5 in Unarmed Combat
   110 | D        | Reached skill level 5 in Spellcasting
   110 | D        | Found a sparkling altar of Nemelex Xobeh.
   165 | D        | Noticed Sonja
   168 | D        | Killed Sonja
   168 | D        | Reached * piety under Wu Jian
   169 | D        | Reached skill level 11 in Stealth
   169 | D        | Reached skill level 10 in Hexes
   169 | D        | Reached skill level 5 in Ice Magic
   169 | D        | Reached XP level 7. HP: 35/35 MP: 15/15
   181 | D        | Found Umpuog's Book Boutique.
   192 | D        | Noticed a shining eye
   192 | D        | Noticed a shining eye
   192 | D        | Noticed a shining eye
   192 | D        | Noticed a shining eye
   192 | D        | Noticed a shining eye
   192 | D        | Noticed a shining eye
   194 | D        | Noticed a shining eye
   194 | D        | Noticed a shining eye
   194 | D        | Killed a shining eye
   194 | D        | Gained mutation: You have hidden genetic defects. [a
                  | shining eye]
   195 | D        | Reached skill level 10 in Dodging
   195 | D        | Reached skill level 12 in Stealth
   195 | D        | Reached XP level 8. HP: 40/40 MP: 16/16
   195 | D        | Gained mutation: You occasionally lose the ability to drink
                  | potions when taking damage. [a shining eye]
   210 | D        | Gained mutation: You are dopey. (Int -2) [hidden defects]
   325 | D        | Gained mutation: You are frail. (-10% HP) [a shining eye]
   332 | D        | Gained mutation: Potions are less effective at restoring
                  | your health. [a shining eye]
   334 | D        | Killed a shining eye
   334 | D        | Reached ** piety under Wu Jian
   335 | D        | Reached skill level 13 in Stealth
   339 | D        | Gained mutation: You sometimes lose the ability to drink
                  | potions when taking damage. [hidden defects]
   339 | D        | Lost mutation: You have hidden genetic defects. [hidden
                  | defects expressed]
   340 | D        | Learned a level 3 spell: Dazzling Flash
   342 | D        | Paralysed by a floating eye for 2 turns
   344 | D        | Gained mutation: Your body sometimes deteriorates upon
                  | taking damage. [a shining eye]
   347 | D        | Gained mutation: You are very frail. (-20% HP) [a shining
                  | eye]
   348 | D        | Lost mutation: You are dopey. (Int -2) [a shining eye]
   353 | D        | Gained mutation: Your magical capacity is low. (-10% MP) [a
                  | shining eye]
   355 | D        | Gained mutation: You have hidden genetic defects. [a
                  | shining eye]
   358 | D        | Gained mutation: You are partially covered in large bone
                  | plates. (SH +4) [a shining eye]
   361 | D        | Gained mutation: You sometimes lose your temper in combat.
                  | [a shining eye]
   363 | D        | Gained mutation: You are weak. (Str -2) [a shining eye]
   364 | D        | Gained mutation: Your magical capacity is very low. (-20%
                  | MP) [a shining eye]
   366 | D        | Killed a shining eye
   367 | D        | Reached skill level 14 in Stealth
   367 | D        | Reached XP level 9. HP: 35/35 MP: 14/14
   372 | D        | Gained mutation: You have terrible hidden genetic defects.
                  | [a shining eye]
   372 | D        | Gained mutation: You are clumsy. (Dex -2) [a shining eye]
   372 | D        | Gained mutation: You are extremely frail. (-30% HP) [hidden
                  | defects]
   374 | D        | Killed a shining eye
   374 | D        | Paralysed by a floating eye for 4 turns
   375 | D        | Reached skill level 15 in Stealth
   375 | D        | Gained mutation: Your spells are a little easier to cast,
                  | but a little less powerful. [a shining eye]
   378 | D        | Gained mutation: You occasionally lose the ability to read
                  | scrolls when taking damage. [a shining eye]
   383 | D        | Paralysed by a floating eye for 2 turns
   386 | D        | Reached *** piety under Wu Jian
   390 | D        | Paralysed by a floating eye for 4 turns
   391 | D        | Gained mutation: You sometimes lose the ability to read
                  | scrolls when taking damage. [a shining eye]
   392 | D        | Gained mutation: Your magical capacity is extremely low.
                  | (-30% MP) [a shining eye]
   397 | D        | Lost strength.
   397 | D        | Gained mutation: You are very weak. (Str -4) [hidden
                  | defects]
   397 | D        | Lost mutation: You have terrible hidden genetic defects.
                  | [hidden defects expressed]
   399 | D        | Gained mutation: You are vulnerable to cold. (rC-) [a
                  | shining eye]
   401 | D        | Killed a shining eye
   406 | D        | Killed a shining eye
   407 | D        | Reached skill level 16 in Stealth
   409 | D        | Huge Dmg: 15 dmg
   409 | D        | Gained mutation: You have terrible hidden genetic defects.
                  | [a shining eye]
   410 | D        | Gained mutation: You are vulnerable to heat. (rF-) [a
                  | shining eye]
   417 | D        | Gained mutation: You are very clumsy. (Dex -4) [hidden
                  | defects]
   419 | D        | Gained mutation: You occasionally shout uncontrollably at
                  | your foes. [a shining eye]
   424 | D        | Gained mutation: You are dopey. (Int -2) [a shining eye]
   426 | D        | Gained mutation: Your body often deteriorates upon taking
                  | damage. [a shining eye]
   427 | D        | Gained mutation: You frequently scream uncontrollably at
                  | your foes. [a shining eye]
   431 | D        | Gained mutation: You are very dopey. (Int -4) [a shining
                  | eye]
   436 | D        | Killed a shining eye
   436 | D        | Reached **** piety under Wu Jian
   436 | D        | Lost mutation: Your body often deteriorates upon taking
                  | damage. [a shining eye]
   437 | D        | Reached XP level 10. HP: 34/34 MP: 13/13
   437 | D        | Gained mutation: Your body often deteriorates upon taking
                  | damage. [a shining eye]
   439 | D        | Gained mutation: You have an uncontrollable temper. [a
                  | shining eye]
   442 | D        | Gained mutation: You are very vulnerable to heat. (rF--) [a
                  | shining eye]
   449 | D        | Killed a shining eye
   453 | D        | Found Byuf's Magic Scroll Shop.
   453 | D        | Found Tasot's Magic Scroll Shoppe.
   453 | D        | Found Vaorob's Antique Weapon Boutique.
   453 | D        | Found Efunasib's Jewellery Emporium.
   455 | D        | Huge Dmg: 17 dmg
   455 | D        | Gained mutation: You are very vulnerable to cold. (rC--)
                  | [hidden defects]
   455 | D        | Lost mutation: You have terrible hidden genetic defects.
                  | [hidden defects expressed]
   492 | D        | Huge Dmg: 20 dmg
   551 | D        | Noticed a deep troll
   554 | D        | Killed a deep troll
   555 | D        | Reached skill level 17 in Stealth
   564 | D        | Found Xias's Armour Emporium.
   569 | D        | Identified the +7 short sword of Veaceahe {distort, Fragile
                  | rElec Str+2 SInv}
   593 | D        | Noticed a centaur warrior
   593 | D        | Noticed a centaur warrior
   594 | D        | Huge Dmg: 20 dmg
   595 | D        | Huge Dmg: 7 dmg
   595 | D        | Killed a centaur warrior
   596 | D        | Reached skill level 10 in Fighting
   596 | D        | Huge Dmg: 5 dmg
   596 | D        | Mangled by a centaur warrior
   597 | D        | Reached XP level 9. HP: -8/48 MP: 11/12
   609 | D        | Huge Dmg: 8 dmg
   610 | D        | Huge Dmg: 15 dmg
   614 | D        | Killed a centaur warrior
   615 | D        | Reached skill level 18 in Stealth
   615 | D        | Reached skill level 10 in Unarmed Combat
   620 | D        | Huge Dmg: 4 dmg
   760 | D        | Bought a +6 ring of strength for 468 gold pieces
   805 | D        | Found a burning altar of Makhleb.
   805 | D        | Found a viscous altar of Jiyva.
   805 | D        | Found a shimmering altar of Xom.
   805 | D        | Found a corrupted altar of Lugonu.
   820 | D        | Noticed a kobold demonologist
   821 | D        | Noticed a kobold demonologist
   824 | D        | Reached ***** piety under Wu Jian
   827 | D        | Noticed an orange demon
   832 | D        | Killed a kobold demonologist
   833 | D        | Reached XP level 10. HP: 35/35 MP: 10/13
   836 | D        | Reached skill level 19 in Stealth
   836 | D        | Reached skill level 15 in Hexes
   840 | D        | Huge Dmg: 15 dmg
   852 | D        | Gained mutation: You have terrible hidden genetic defects.
                  | [hidden defects]
   870 | D        | Noticed a demonic crawler
   870 | D        | Noticed a demonic crawler
   870 | D        | Noticed a demonic crawler
   870 | D        | Noticed a demonic crawler
   885 | D        | Mangled by a demonic crawler
   886 | D        | Reached XP level 9. HP: -8/32 MP: 12/12
   901 | D        | Noticed an oklob plant
   902 | D        | Huge Dmg: 16 dmg
   904 | D        | Huge Dmg: 21 dmg
   910 | D        | Killed from afar by an oklob plant

Illustrated notes

Levels and vault maps discovered:
D:        dungeon_sprint_1 [red_sonja_temple_1, red_sonja_temple_small_1]

Skill      XL: |  1  2  3  4  5  6  7  8  9 10 |
---------------+-------------------------------+-----
Fighting       | 1 3 4 6 7 8 9 10 | 10.0
Dodging        | 3 5 6 7 9 10 11 12 | 12.0
Stealth        | 5 6 7 11 12 14 18 19 | 19.1
Unarmed Combat | 2 3 4 6 7 8 10 | 10.6
Hexes          | 5 6 7 8 10 11 12 13 15 | 15.1
Ice Magic      | 1 2 3 4 5 6 7 9 |  9.5
Spellcasting   | 3 4 5 |  5.0

Action                     |  1- 3 |  4- 6 |  7- 9 | 10-12 || total
---------------------------+-------+-------+-------+-------++-------
  Melee: Unarmed           |    10 |     4 |   139 |    41 ||   194
         Bite              |     1 |       |    24 |     6 ||    31
         Punch             |       |       |     8 |     3 ||    11
   Cast: Ensorcelled Hiber |       |     4 |     3 |     1 ||     8
 Invoke: Serpent's Lash    |       |       |     1 |     2 ||     3
         Heavenly Storm    |       |       |       |     1 ||     1
Ability: Lunge             |       |     2 |     7 |     1 ||    10
         Whirlwind         |       |       |    43 |    13 ||    56
    Use: Potion            |     2 |       |     3 |       ||     5
   Stab: Invisible         |     1 |       |       |       ||     1
         Sleeping          |       |     4 |     4 |     3 ||    11
 Armour: Skin              |       |       |       |     1 ||     1
  Dodge: Dodged            |     7 |     2 |    16 |    39 ||    64
  Block: Other             |       |       |     3 |     6 ||     9

Table legend: (Time is in decaauts)
 A = Elapsed time spent in this place.
 B = Non-inter-level travel time spent in this place.
 C = Inter-level travel time spent in this place.
 D = Time resting spent in this place.
 E = Time spent auto-exploring this place.
 F = Levels seen in this place.
 G = Mean time per level.
                   A        B        C        D        E       F      G
               +--------+--------+--------+--------+--------+-----+--------+
         Total |    911 |    888 |     23 |    192 |    275 |   1 |  911.0 |
       Dungeon |    911 |    888 |     23 |    192 |    275 |   1 |  911.0 |
               +--------+--------+--------+--------+--------+-----+--------+

Top non-repeatable levels by time:
       D: 911 daAuts
